 Dungeon Crawl Stone Soup version 0.27-a0-1191-g601b473118 (webtiles) character file.

Game seed: 16448161295250108701

6232 robertstho the Thaumaturge (level 11, -5/76 HPs)
             Began as a Djinni Fire Elementalist on May 24, 2021.
             Was an Initiate of Gozag.
             Slain by a wyvern (9 damage)
             ... while petrified by a catoblepas
             ... on level 2 of the Lair of Beasts.
             The game lasted 00:16:57 (14024 turns).

robertstho the Thaumaturge (DjFE)                  Turns: 14024, Time: 00:16:57

Health: -5/76      AC:  3    Str:  7    XL:     11   Next: 14%
Gold:   310        EV:  2    Int: 21    God:    Gozag SH:  0 Dex: 13

rFire    + + +     SeeInvis .   E - +5 great sword "Otattol" {vorpal, *Corrode rElec rF++ rC+}
rCold    . . .     Faith    .   (shield currently unavailable)
rNeg     + + +     Spirit   .   s - +1 animal skin
rPois    ∞         Reflect  .   t - +0 helmet
rElec    +         Harm     .   (no cloak)
rCorr    .         Rampage  .   f - +2 pair of gloves
Will     +....                  (boots unavailable)
Stlth    ++........             r - amulet of the acrobat
HPRegen  0.22/turn              B - ring of wizardry
MPRegen  0.00/turn              u - +4 ring of evasion

@: petrified, corroded, gold aura, flying
A: sickness immunity, fire resistance 2, cold vulnerability 1, float, innate
caster, hp casting, extra vitality 1
a: Renounce Religion, Potion Petition, Call Merchant, Bribe Branch


You were on level 2 of the Lair of Beasts.
You worshipped Gozag.
Gozag was aware of your devotion.
You visited 2 branches of the dungeon, and saw 11 of its levels.

You collected 1583 gold pieces.
You spent 546 gold pieces at shops.
You paid 727 gold pieces to Gozag.

Inventory:

Hand Weapons
 p - a +2 dagger of venom
 A - a +1 scimitar of flaming
 E - the +5 great sword "Otattol" (weapon) {vorpal, *Corrode rElec rF++ rC+}
   (You bought it in a shop on level 2 of the Lair of Beasts)

   It inflicts extra damage upon your enemies.
   It greatly protects you from fire.
   It protects you from cold.
   It insulates you from electricity.
   It may corrode you when you take damage.
 F - the +3 falchion of Demand {holy, Str+3 Int+3}
   (You bought it in a shop on level 2 of the Lair of Beasts)

   It has been blessed by the Shining One to cause great damage to the undead
   and demons.
   It affects your strength (+3).
   It affects your intelligence (+3).
Armour
 f - a +2 pair of gloves (worn)
 s - a +1 animal skin (worn)
 t - a +0 helmet (worn)
 y - a +0 buckler
Jewellery
 j - a ring of ice
 r - an amulet of the acrobat (around neck)
 u - a +4 ring of evasion (right hand)
 v - a ring of poison resistance
 x - a ring of willpower
 B - a ring of wizardry (left hand)
 D - a ring of protection from cold
Wands
 a - a wand of charming (5)
 o - a wand of paralysis (8)
Scrolls
 b - 5 scrolls of noise {unknown}
 d - 2 scrolls of fog {unknown}
 e - a scroll of amnesia {unknown}
 g - 4 scrolls of blinking {unknown}
 h - 5 scrolls of teleportation {unknown}
 i - 2 scrolls of enchant weapon {unknown}
 k - a scroll of immolation
 l - a scroll of magic mapping
 n - a scroll of enchant armour
 w - a scroll of vulnerability {unknown}
 z - a scroll of holy word {unknown}
Potions
 c - 2 potions of haste
 m - a potion of resistance
 q - a potion of might
 C - a potion of curing


   Skills:
 * Level 6.0 Fighting
 + Level 3.1(3.3) Short Blades
 + Level 1.4(2.5) Long Blades
 + Level 5.1 Dodging
 + Level 4.1 Stealth
 * Level 10.3 Spellcasting


You couldn't memorise any spells.
You knew the following spells:

 Your Spells              Type           Power      Damage    Failure   Level
a - Foxfire               Conj/Fire      100%       2x1d9     1%          1
b - Conjure Flame         Conj/Fire      53%        6-21      1%          3
c - Inner Flame           Hex/Fire       53%        N/A       1%          3
d - Sticky Flame          Conj/Fire      53%        2d7       1%          4
e - Fireball              Conj/Fire      26%        3d12      1%          5
f - Sting                 Tmut/Pois      100%       1d8       1%          1
g - Ensorcelled Hibernat  Hex/Ice        100%       N/A       1%          2
h - Call Canine Familiar  Summ           53%        N/A       1%          3
i - Cause Fear            Hex            26%        N/A       1%          4
j - Summon Forest         Summ/Tloc      26%        N/A       1%          5
Your spell library was empty.

Dungeon Overview and Level Annotations

Branches:
Dungeon (9/15)             Temple (0/1) D:7            Lair (2/6) D:8
  Swamp: Lair:2-4    Shoals: Lair:2-4     Snake: Lair:2-4    Spider: Lair:2-4
    Orc: D:9-12

Altars:
Dithmenos
Fedhas
Gozag
Hepliaklqana
Nemelex Xobeh
Okawaru
Wu Jian
Xom
Yredelemnul
The Shining One

Shops:
D:8 [   Lair:2 (

Annotations:
D:3 2 transporters, LordOGeese's ghost, amateur GrBe
D:5 1 runed translucent door, Khashishi's ghost, amateur FoAK


Innate Abilities, Weirdness & Mutations

You are immune to sickness and miasma.
You are immune to poison.
Your flesh is very heat resistant. (rF++)
You are vulnerable to cold. (rC-)
You float through the air rather than walking.
You learn spells naturally, not from books.
Your magical power is your life essence.
You have superior vitality. (+4 HP)


Message History

The catoblepas gores you!
You have turned to stone.
The foxfire hits the catoblepas but does no damage.
The catoblepas is heavily wounded.
The foxfire hits the catoblepas but does no damage.
The catoblepas is heavily wounded.
Your wolf bites the catoblepas.
A yak comes into view.
Your wolf bites the catoblepas.
The catoblepas gores you!!
Your wolf bites the catoblepas but does no damage.
The yak gores you!
The catoblepas gores you but does no damage.
Your wolf bites the catoblepas.
The yak gores you.
Your corrosive artefact corrodes you!
Your wolf bites the catoblepas.
The catoblepas breathes a plume of calcifying dust at you.
The blast of calcifying dust hits you.
You are engulfed in calcifying dust.
Your wolf bites the catoblepas but does no damage.
The wyvern barely misses your wolf. The yak gores you!
Your wolf bites the catoblepas.
The catoblepas breathes a plume of calcifying dust at your wolf.
The blast of calcifying dust hits your wolf.
Your wolf dies!
Your wolf's corpse disappears in a puff of smoke!
The catoblepas bellows!
You are engulfed in calcifying dust.
The yak becomes distracted by the nearby gold, dreaming of imaginary riches.
The wyvern bites you.
The yak bellows!
You are engulfed in calcifying dust.
The wyvern bites you! The catoblepas gores you!!
* * * LOW HITPOINT WARNING * * *
The wyvern completely misses you. The yak gores you.
* * * LOW HITPOINT WARNING * * *
The yak gores you.
* * * LOW HITPOINT WARNING * * *
The wyvern bites you!!
You die...
Your body crumbles into a pile of gold.

.... #.... ..
#.......#... $ ..#
#......#.... #..
#.......#... P#..##
#######......####. $
....P.##..#.##......###..
.......§.................
.......lY................
.....(.Y@§§..........#..#
#P....YYY........^..###.#
#....$..#.###.......P....
##....##...##....<.......
...... #.....##..........
...... #......#......#...
.P... ##.....#.......#...
##... #.......P..........
##.................


You could see a catoblepas, 4 yaks and a wyvern.

Vanquished Creatures
  Erica (D:8)
  A cane toad (Lair:1)
  A hornet (D:8)
  8 yaks
  2 steam dragons
  A basilisk (Lair:1)
  2 acid dragons (D:9)
  4 water moccasins
  3 ice beasts
  2 orc warriors
  A black bear (D:5)
  A sky beast (D:5)
  A centaur (D:9)
  A kobold brigand (D:8)
  2 scorpions
  4 bullfrogs
  A water moccasin zombie (D:6)
  10 killer bees
  3 wights (D:6)
  A centaur zombie (D:9)
  A bullfrog skeleton (D:6)
  2 jellies
  2 hounds
  2 orc priests
  An iguana (D:3)
  3 orc wizards
  Ijyb (D:4)
  A killer bee zombie (D:9)
  A gnoll (D:4)
  2 howler monkey skeletons (D:7)
  4 adders
  A white imp (D:7)
  3 ufetubi
  4 dart slugs
  12 orcs
  5 bats
  5 endoplasms
  A giant cockroach (D:3)
  13 goblins
  7 hobgoblins
  4 jackals
  3 quokkas (D:2)
  4 ball pythons
  A ball python skeleton (D:2)
  2 frilled lizards
  13 kobolds
  4 rats
152 creatures vanquished.

Vanquished Creatures (collateral kills)
  A hydra (Lair:2)
  A basilisk (Lair:2)
  An ogre (D:6)
  2 bullfrogs (Lair:1)
  A water moccasin zombie (D:5)
  A centaur zombie (D:5)
  A bullfrog skeleton (D:5)
  An iguana (D:5)
  A scorpion zombie (D:5)
  Robin (D:5)
  A gnoll (D:4)
  An adder (D:4)
  A white imp (D:5)
  8 orcs
  3 hobgoblins (D:4)
  A jackal (D:5)
  A kobold (D:4)
  2 foxfires (Lair:2)
29 creatures vanquished.

Vanquished Creatures (others)
  414 foxfires
  8 fungi
  9 plants
431 creatures vanquished.

Grand Total: 612 creatures vanquished

Notes
Turn   | Place    | Note
-------+----------+-------------------------------------------
     0 | D:1      | robertstho the Djinni Fire Elementalist began the quest for
                  | the Orb.
     0 | D:1      | Reached XP level 1. HP: 15/15 MP: 0/0
   198 | D:1      | Reached XP level 2. HP: 20/22 MP: 0/0
  1215 | D:2      | Reached XP level 3. HP: 24/26 MP: 0/0
  1215 | D:2      | Learned a level 1 spell: Sting
  1223 | D:2      | Reached skill level 3 in Spellcasting
  1456 | D:2      | Reached skill level 1 in Fighting
  1501 | D:2      | Reached XP level 4. HP: 30/32 MP: 0/0
  1968 | D:2      | Found a faded altar of an unknown god.
  2521 | D:3      | Noticed an ogre
  2526 | D:3      | Noticed LordOGeese's ghost (amateur GrBe)
  2527 | D:3      | Found a transporter.
  2529 | D:3      | Noticed an ogre
  2532 | D:3      | Found a transporter.
  2554 | D:3      | Noticed Robin
  2555 | D:3      | Noticed an ice beast
  2570 | D:3      | Killed an ice beast
  2571 | D:3      | Reached skill level 4 in Spellcasting
  2571 | D:3      | Reached XP level 5. HP: 27/37 MP: 0/0
  2571 | D:3      | Learned a level 2 spell: Ensorcelled Hibernation
  2826 | D:3      | Reached XP level 6. HP: 35/42 MP: 0/0
  3137 | D:3      | Found an opulent altar of Gozag.
  3251 | D:3      | Became a worshipper of Gozag Ym Sagoz the Greedy
  4748 | D:4      | Reached XP level 7. HP: 48/49 MP: 0/0
  4748 | D:4      | Learned a level 3 spell: Call Canine Familiar
  4815 | D:4      | Found an iron altar of Okawaru.
  4984 | D:4      | Noticed Ijyb
  4994 | D:4      | Killed Ijyb
  4999 | D:4      | Reached skill level 5 in Spellcasting
  5554 | D:5      | Entered Level 5 of the Dungeon
  5612 | D:5      | Found a runed translucent door.
  5615 | D:5      | Noticed Khashishi's ghost (amateur FoAK)
  5618 | D:5      | Noticed a two-headed ogre
  5971 | D:5      | Found a blossoming altar of Fedhas.
  6032 | D:5      | Killed Robin
  6425 | D:5      | Reached XP level 8. HP: 34/56 MP: 0/0
  6609 | D:5      | Found a sparkling altar of Nemelex Xobeh.
  6845 | D:5      | Found a basalt altar of Yredelemnul.
  6898 | D:5      | Reached skill level 1 in Short Blades
  7030 | D:5      | Reached skill level 6 in Spellcasting
  8398 | D:6      | Noticed an eight-headed hydra
  8554 | D:7      | Found an ornate altar of the Wu Jian Council.
  8585 | D:7      | Found a staircase to the Ecumenical Temple.
  8749 | D:7      | Reached skill level 7 in Spellcasting
  8749 | D:7      | Reached XP level 9. HP: 21/62 MP: 0/0
  8749 | D:7      | Learned a level 4 spell: Cause Fear
  9316 | D:7      | Found a shadowy altar of Dithmenos.
  9948 | D:8      | Found a staircase to the Lair.
 10049 | D:8      | Found Waagukh's Antique Armour Shop.
 10439 | D:8      | Noticed Erica
 10465 | D:8      | Killed Erica
 10466 | D:8      | Reached skill level 8 in Spellcasting
 10608 | D:8      | Found a glowing golden altar of the Shining One.
 10767 | D:8      | Found a shimmering altar of Xom.
 10768 | D:8      | Found a hazy altar of Hepliaklqana.
 10769 | D:8      | Noticed a spectral ugly thing
 11005 | D:8      | Noticed a hornet
 11136 | D:8      | Killed a hornet
 11137 | D:8      | Reached skill level 5 in Fighting
 11257 | D:8      | Reached XP level 10. HP: 67/70 MP: 0/0
 11683 | D:9      | Reached skill level 9 in Spellcasting
 12174 | D:9      | Noticed a boulder beetle
 12480 | Lair:1   | Entered Level 1 of the Lair of Beasts
 13426 | Lair:1   | Noticed a cane toad
 13428 | Lair:1   | Killed a cane toad
 13520 | Lair:2   | Bought a warped great sword for 322 gold pieces
 13520 | Lair:2   | Identified the +5 great sword "Otattol" {vorpal, *Corrode
                  | rElec rF++ rC+} (You bought it in a shop on level 2 of the
                  | Lair of Beasts)
 13520 | Lair:2   | Bought a transparent falchion for 224 gold pieces
 13520 | Lair:2   | Identified the +3 falchion of Demand {holy, Str+3 Int+3}
                  | (You bought it in a shop on level 2 of the Lair of Beasts)
 13666 | Lair:2   | Reached skill level 5 in Dodging
 13670 | Lair:2   | Reached skill level 1 in Long Blades
 13674 | Lair:2   | Reached skill level 10 in Spellcasting
 13674 | Lair:2   | Reached XP level 11. HP: 19/76 MP: 0/0
 13674 | Lair:2   | Learned a level 5 spell: Summon Forest
 13999 | Lair:2   | Noticed a seven-headed hydra
 14007 | Lair:2   | Killed a seven-headed hydra
 14007 | Lair:2   | Noticed a catoblepas
 14024 | Lair:2   | Slain by a wyvern

Illustrated notes

Levels and vault maps discovered:
D:1:      sevenhm_arrival_forest_fort_small_4, layout_loops_ring
D:2:      wad_river_or_something, layout_loops_ring,
          shapermc_ecumenical_altar_gd, minmay_cupped
D:3:      layout_loops_corners, lemuel_crystal_altar, gammafunk_ghost_smash,
          uniq_robin
D:4:      lemuel_castle_with_subvaults [lemuel_castle_interior_carwin_3],
          layout_basic, okawaru_altar_gauntlet_db, serial_curves,
          eino_curves_01, eino_curves_04, uniq_ijyb
D:5:      layout_basic, kennysheep_little_box, lemuel_crystal_altar,
          nemelex_xobeh_ov_fountains_minmay, ebering_ghost_inner_flame,
          st_stairs_8, minmay_crystal_room
D:6:      cheibrodos_two_vegetables, layout_loops_corners
D:7:      layout_loops_cross, overflow_temple_1_default, lemuel_tele_altar,
          minmay_temple_entry_glass, grunt_ministairs_8, small_statue_alley_b
D:8:      layout_loops_corners, regret_index_temple_of_mockery, tso_altar,
          lair_entry_dummy, serial_shops, nicolae_shop_behind_doors, uniq_erica
D:9:      layout_basic
Lair:1:   layout_chaotic_city, fungi_pond_lemuel, beast_lair_carwin_2,
          serial_bayou_shore_b
Lair:2:   layout_regular_city, nzn_ghost_randoct

Skill      XL: |  1  2  3  4  5  6  7  8  9 10 11 |
---------------+----------------------------------+-----
Spellcasting   | 3 4 5 7 8 10 | 10.3
Fighting       | 1 2 3 4 5 6 |  6.0
Stealth        | 2 3 4 |  4.1
Dodging        | 3 4 5 |  5.1
Short Blades   | 1 2 3 |  3.1
Long Blades    | 1 |  1.4

Action                   |  1- 3 |  4- 6 |  7- 9 | 10-12 || total
-------------------------+-------+-------+-------+-------++-------
Melee: Dagger            |       |     8 |    91 |    23 ||   122
       Great sword       |       |       |       |     2 ||     2
 Cast: Foxfire           |    62 |   104 |    84 |    17 ||   267
       Call Canine Famil |       |       |    30 |     7 ||    37
       Sticky Flame      |       |       |    24 |    14 ||    38
       Fireball          |       |       |     5 |    34 ||    39
       Conjure Flame     |       |       |     2 |       ||     2
       Cause Fear        |       |       |       |     2 ||     2
Invok: Call Merchant     |       |       |       |     1 ||     1
  Use: Potion            |       |       |     2 |       ||     2
       Scroll            |       |       |     6 |     1 ||     7
 Stab: Distracted        |       |       |     1 |       ||     1
Armor: Robe              |     7 |     3 |     3 |       ||    13
       Animal skin       |       |       |    21 |    12 ||    33
Dodge: Dodged            |    19 |    23 |   114 |    55 ||   211
Block: Buckler           |       |       |       |     6 ||     6
       Rpst.: Great sword |       |       |       |     2 ||     2

Table legend: (Time is in decaauts)
 A = Elapsed time spent in this place.
 B = Non-inter-level travel time spent in this place.
 C = Inter-level travel time spent in this place.
 D = Time resting spent in this place.
 E = Time spent auto-exploring this place.
 F = Levels seen in this place.
 G = Mean time per level.
                   A        B        C        D        E       F      G
               +--------+--------+--------+--------+--------+-----+--------+
         Total |  14046 |  13653 |    393 |   1123 |  10950 |  11 | 1276.9 |
       Dungeon |  12501 |  12136 |    365 |   1123 |   9568 |   9 | 1389.0 |
          Lair |   1545 |   1518 |     27 |      0 |   1382 |   2 |  772.5 |
               +--------+--------+--------+--------+--------+-----+--------+

Top non-repeatable levels by time:
     D:8: 2305 daAuts
     D:5: 1652 daAuts
     D:4: 1601 daAuts
     D:2: 1492 daAuts
     D:3: 1430 daAuts
     D:6: 1242 daAuts
     D:7: 1171 daAuts
  Lair:1: 1032 daAuts
     D:1: 1027 daAuts
     D:9: 577 daAuts
  Lair:2: 512 daAuts
